 Dungeon Crawl Stone Soup version 0.27-a0-1006-g1fd4cec11e (webtiles) character file.

Game seed: 10450364259532408403

68 siradein the Cutter (level 4, -1/33 HPs)
             Began as a Demonspawn Brigand on Apr 18, 2021.
             Slain by a hobgoblin (2 damage)
             ... led by Robin
             ... on level 2 of the Dungeon.
             The game lasted 00:03:36 (2362 turns).

siradein the Cutter (Demonspawn Brigand)            Turns: 2362, Time: 00:03:37

Health: -1/33      AC:  7    Str: 11    XL:     4   Next: 1%
Magic:  4/4        EV: 10    Int: 12    God:
Gold:   51         SH:  0    Dex: 16    Spells: 3/3 levels left

rFire    . . .     SeeInvis .   a - +2 dagger
rCold    . . .     Faith    .   (no shield)
rNeg     . . .     Spirit   .   j - +0 ring mail
rPois    .         Reflect  .   (no helmet)
rElec    .         Harm     .   c - +0 cloak
rCorr    .         Rampage  .   (no gloves)
Will     .....                  (no boots)
Stlth    ++........             (no amulet)
HPRegen  0.11/turn              h - ring of flight
MPRegen  0.09/turn              (no ring)

@: flying
A: foul stench 1, sharp scales 1
a: no special abilities


You were on level 2 of the Dungeon.
You visited 1 branch of the dungeon, and saw 2 of its levels.

You collected 51 gold pieces.

Inventory:

Hand Weapons
 a - a +2 dagger (weapon)
Missiles
 d - 8 poisoned darts (quivered)
 e - 2 curare-tipped darts
Armour
 c - a +0 cloak (worn)
 j - a +0 ring mail (worn)
Jewellery
 h - a ring of flight (left hand)
Scrolls
 f - 2 scrolls of identify {unknown}
Potions
 g - a potion of berserk rage {unknown}
 i - a potion of magic {unknown}


   Skills:
 - Level 2.0 Fighting
 + Level 3.9 Short Blades
 - Level 1.7 Throwing
 - Level 0.8 Dodging
 - Level 3.6 Stealth


You had 3 spell levels left.
You didn't know any spells.
Your spell library contained the following spells:

 Spells                   Type           Power      Damage    Failure   Level
 Shock                    Conj/Air       0%         1d3       63%         1
 Static Discharge         Conj/Air       0%         N/A       77%         2
 Confusing Touch          Hex            0%         N/A       94%         3
 Gell's Gravitas          Tloc           0%         N/A       94%         3
 Swiftness                Air            0%         N/A       94%         3
 Airstrike                Air            0%         N/A       100%        4
 Petrify                  Tmut/Erth      0%         N/A       100%        4
 Lightning Bolt           Conj/Air       0%         1d11      100%        5
 Metabolic Englaciation   Hex/Ice        0%         N/A       100%        5
 Yara's Violent Unravell  Hex/Tmut       0%         3d3       100%        5


Dungeon Overview and Level Annotations

Branches:
Dungeon (2/15)

Altars:

Annotations:
D:2 Robin


Innate Abilities, Weirdness & Mutations

You may rarely emit foul miasma when damaged in melee.
You are partially covered in razor-sharp scales. (AC +1, Slay +1)


Message History

You kill the goblin!
The goblin no longer looks unusually strong.
The goblin barely misses you.
Robin roars a battlecry!
The goblin goes into a battle-frenzy!
The hobgoblin hits you but does no damage.
You have reached level 4!
You feel agile.
The hobgoblin no longer looks unusually strong. x2
The hobgoblin hits you but does no damage.
Robin hits you but does no damage.
Items here: ))) †.
You hit Robin but do no damage. The hobgoblin hits you. The goblin misses you.
Robin hits you with a +0 whip.
You hit Robin.
Robin is lightly wounded.
The hobgoblin hits you. The goblin hits you but does no damage.
Robin roars a battlecry!
The goblins go into a battle-frenzy!
You closely miss Robin.
Robin is lightly wounded.
The hobgoblin misses you.
You hit Robin.
Robin is lightly wounded.
Robin closely misses you. The goblin hits you but does no damage.
The hobgoblin hits you but does no damage.
You hit Robin.
Robin is moderately wounded.
Robin closely misses you. The goblin hits you with a +0 dagger.
* * * LOW HITPOINT WARNING * * *
Unknown command.
You completely miss Robin.
Robin is moderately wounded.
The hobgoblin barely misses you. The goblin hits you but does no damage.
Robin hits you with a +0 whip.
* * * LOW HITPOINT WARNING * * *
You completely miss Robin.
Robin is moderately wounded.
The hobgoblin hits you.
You die...

.# #.####..##.♣_..⌠.♣♣♣
♣♣♣♣. ..... #.#
#....♣8.....♣♣ #.. ...##
#.# #....♣..♣♣♣♣.♣♣♣ #.#
..... ...
#...#.♣♣.♣♣.♣...♣♣#.#
#g##.
g......###..♣♣.♣.♣♣♣♣.##.#
#.# ......#
#...♣.♣...##.##.# . .
..... #...♣♣....##....# .g
#
.....####g...>....#....##
......gg@g.............##
......g###....#.........#
...............#........#
...............##.......#
............^..###g....##
...............###.....##
...............##.......#
...............##.......#
......††.../..##.......#


You could see Robin, 2 hobgoblins and 2 goblins.

Vanquished Creatures
  An adder (D:2)
  A worm (D:2)
  6 ball pythons (D:1)
  4 endoplasms (D:1)
  3 giant cockroaches (D:1)
  11 goblins
  5 hobgoblins
  4 jackals (D:2)
  3 kobolds (D:1)
  A quokka (D:1)
  A bat (D:1)
  3 frilled lizards
  7 rats
50 creatures vanquished.

Notes
Turn   | Place    | Note
-------+----------+-------------------------------------------
     0 | D:1      | siradein the Demonspawn Brigand began the quest for the
                  | Orb.
     0 | D:1      | Reached XP level 1. HP: 16/16 MP: 1/1
     2 | D:1      | Noticed a felid
     4 | D:1      | Noticed a formicid
     4 | D:1      | Noticed a centaur
     6 | D:1      | Noticed a draconian
     6 | D:1      | Noticed a vampire
     8 | D:1      | Noticed a spriggan
     8 | D:1      | Noticed an octopode
    10 | D:1      | Noticed a troll
    10 | D:1      | Noticed a minotaur
    12 | D:1      | Noticed a barachi
    14 | D:1      | Noticed a gargoyle
    14 | D:1      | Noticed a ghoul
    16 | D:1      | Noticed a demigod
    16 | D:1      | Noticed a demonspawn
    18 | D:1      | Noticed a dwarf
    18 | D:1      | Noticed a vine stalker
    20 | D:1      | Noticed a human
    20 | D:1      | Noticed a naga
    22 | D:1      | Noticed a tengu
    24 | D:1      | Noticed an elf
    24 | D:1      | Noticed a merfolk
    26 | D:1      | Noticed an ogre
    26 | D:1      | Noticed a palentonga
   350 | D:1      | Gained mutation: You are partially covered in razor-sharp
                  | scales. (AC +1, Slay +1) [demonic ancestry]
   350 | D:1      | Reached XP level 2. HP: 3/22 MP: 2/2
   712 | D:1      | HP: 1/22 [goblin/+0 club (4)]
  1236 | D:1      | Gained mutation: You may rarely emit foul miasma when
                  | damaged in melee. [demonic ancestry]
  1236 | D:1      | Reached XP level 3. HP: 27/27 MP: 3/3
  1439 | D:1      | You fall into a shaft and drop 1 floor!
  1524 | D:2      | Noticed Robin
  1840 | D:2      | Found a faded altar of an unknown god.
  2355 | D:2      | Reached XP level 4. HP: 19/33 MP: 4/4
  2361 | D:2      | HP: 1/33 [Robin/+0 whip (6)]
  2362 | D:2      | Slain by a hobgoblin

Illustrated notes

Levels and vault maps discovered:
D:1:      kb_arrival_jail, layout_loops_ring, chequers_serial_rivers_micro_d
D:2:      layout_rooms, shapermc_ecumenical_altar_totnotflames, uniq_robin

Skill      XL: |  1  2 |
---------------+-------+-----
Short Blades   | 2 3 |  3.9
Fighting       | |  2.0
Throwing       | |  1.7
Dodging        | |  0.8
Stealth        | |  3.6

Action                   |  1- 3 |  4- 6 || total
-------------------------+-------+-------++-------
Melee: Dagger            |   147 |     7 ||   154
 Stab: Sleeping          |     9 |       ||     9
Armor: Robe              |    25 |       ||    25
       Ring mail         |    21 |     6 ||    27
Dodge: Dodged            |    63 |     5 ||    68

Table legend: (Time is in decaauts)
 A = Elapsed time spent in this place.
 B = Non-inter-level travel time spent in this place.
 C = Inter-level travel time spent in this place.
 D = Time resting spent in this place.
 E = Time spent auto-exploring this place.
 F = Levels seen in this place.
 G = Mean time per level.
                   A        B        C        D        E       F      G
               +--------+--------+--------+--------+--------+-----+--------+
         Total |   2338 |   2316 |     22 |    124 |   1773 |   2 | 1169.0 |
       Dungeon |   2338 |   2316 |     22 |    124 |   1773 |   2 | 1169.0 |
               +--------+--------+--------+--------+--------+-----+--------+

Top non-repeatable levels by time:
     D:1: 1664 daAuts
     D:2: 673 daAuts
